 Dungeon Crawl Stone Soup version 0.27.1-3-gb3d3a73c9e (webtiles) character file.

Game seed: 5800320437799747427

55 horus123 the Covert (level 3, 0/32 HPs)
             Began as a Naga Brigand on Oct 18, 2021.
             Slain by an iguana (10 damage)
             ... on level 4 of the Dungeon.
             The game lasted 00:03:32 (2536 turns).

horus123 the Covert (Naga Brigand)                  Turns: 2536, Time: 00:03:33

Health: 0/32       AC:  4    Str: 13    XL:     3   Next: 93%
Magic:  3/3        EV:  9    Int: 11    God:
Gold:   106        SH:  0    Dex: 13    Spells: 2/2 levels left

rFire    . . .     SeeInvis +   a - +3 dagger
rCold    . . .     Faith    .   (no shield)
rNeg     . . .     Spirit   .   b - +0 robe
rPois    +         Reflect  .   (no helmet)
rElec    .         Harm     .   c - +1 cloak
rCorr    .         Rampage  .   (no gloves)
Will     .....                  (no barding)
Stlth    ++++......             g - amulet of magic regeneration
HPRegen  0.10/turn              (no ring)
MPRegen  0.33/turn              (no ring)

@: short of breath, very slow
A: AC +1, large, see invisible, deformed body, poison resistance, slowness 2,
spit poison 1, naga tail 1
a: Spit Poison


You were on level 4 of the Dungeon.
You visited 1 branch of the dungeon, and saw 4 of its levels.

You collected 106 gold pieces.

Inventory:

Hand Weapons
 a - a +3 dagger (weapon)
Missiles
 d - 22 poisoned darts (quivered)
 e - 2 curare-tipped darts
Armour
 b - a +0 robe (worn)
 c - a +1 cloak (worn)
Jewellery
 g - an amulet of magic regeneration (around neck)
Potions
 f - a potion of resistance {unknown}
 h - a potion of heal wounds {unknown}
 i - a potion of invisibility {unknown}
 j - 2 potions of degeneration
 k - a potion of magic {unknown}
 l - a potion of haste {unknown}
 m - a potion of attraction {unknown}
 o - a potion of flight {unknown}


   Skills:
 - Level 2.0 Fighting
 - Level 2.0 Short Blades
 - Level 1.7 Throwing
 - Level 0.7 Dodging
 + Level 8.2 Stealth


You had 2 spell levels left.
You didn't know any spells.
Your spell library contained the following spells:

 Spells                   Type           Power      Damage    Failure   Level
 Gell's Gravitas          Tloc           0%         N/A       71%         3
 Teleport Other           Tloc           0%         N/A       71%         3
 Dispersal                Tloc           0%         N/A       100%        6


Dungeon Overview and Level Annotations

Branches:
Dungeon (3/15)

Altars:


Innate Abilities, Weirdness & Mutations

Your serpentine skin is tough. (AC +1)
You have supernaturally acute eyesight. (SInv)
Armour fits poorly on your strangely shaped body.
Your system is resistant to poisons. (rPois)
You cover ground very slowly.
You can spit poison.
You have a snake-like lower body.


Message History

You kill the dart slug!
No target in view!
Found a stone staircase leading down.
Found 7 boomerangs.
You now have 106 gold pieces (gained 19).
Found an escape hatch in the floor.
You see here 7 boomerangs.
Found an escape hatch in the ceiling.
There is an escape hatch in the ceiling here.
Found a stone staircase leading up.
You fall into a shaft and drop 1 floor!
The shaft crumbles and collapses.
You hear the hiss of flowing sand.
There is an entrance to an ossuary on this level.
Hurry and find it before the portal is buried!
A ball python comes into view.
You barely miss the ball python.
The ball python hisses angrily.
The ball python bites you.
You hit the ball python.
You kill the ball python!
No target in view!
HP restored.
An iguana comes into view.
The iguana hisses angrily.
The iguana bites you.
You hit the iguana.
The iguana is moderately wounded.
The iguana bites you!
Press: ? - help, Shift-Dir - straight line, f - iguana
Aim: an iguana (moderately wounded)
The splash of poison hits the iguana.
The iguana is poisoned.
The iguana is moderately wounded.
The iguana bites you!
You are too injured to fight recklessly!
You are too injured to fight recklessly!
You are too injured to fight recklessly!
You hit the iguana.
The iguana is heavily wounded.
The iguana bites you!
You die...

#..... ..# ..... ...
#...###.# #...#....
#...#.#.#####
#...#.#.....##
#...#.#.##.†.# ≈
#.l@....#....#≈≈≈#
#...#.#....≈P≈≈≈≈≈≈
#...#.#....P≈≈≈≈≈≈P
#........P.≈≈≈≈≈≈..
#........≈≈≈≈P≈≈≈..
.....P≈≈P≈≈≈≈≈≈≈...
.≈..≈≈P≈≈≈≈≈≈≈PP..##
.≈≈≈≈P≈≈≈≈≈≈≈≈≈≈≈...
≈≈≈≈≈≈≈≈≈≈P.≈..##


You could see an iguana (poisoned).

Vanquished Creatures
  2 adders (D:3)
  A dart slug (D:3)
  A bat (D:2)
  A bat zombie (D:1)
  2 endoplasms (D:2)
  4 giant cockroaches
  A goblin (D:1)
  3 hobgoblins
  4 jackals (D:2)
  A quokka (D:1)
  4 ball pythons
  4 frilled lizards
  A kobold (D:1)
  A quokka zombie (D:1)
  2 rats
32 creatures vanquished.

Notes
Turn   | Place    | Note
-------+----------+-------------------------------------------
     0 | D:1      | horus123 the Naga Brigand began the quest for the Orb.
     0 | D:1      | Reached XP level 1. HP: 19/19 MP: 1/1
    19 | D:1      | Reached skill level 6 in Stealth
   314 | D:1      | Reached XP level 2. HP: 22/26 MP: 2/2
   534 | D:1      | Found a faded altar of an unknown god.
  1185 | D:2      | Reached skill level 7 in Stealth
  1622 | D:2      | Reached XP level 3. HP: 32/32 MP: 3/3
  2322 | D:3      | Reached skill level 8 in Stealth
  2506 | D:3      | You fall into a shaft and drop 1 floor!
  2536 | D:4      | Slain by an iguana

Illustrated notes

Levels and vault maps discovered:
D:1:      saegor_arrival_fortress, layout_loops_ring,
          hellmonk_ecumenical_altar_zigzags, kennysheep_minor_cross
D:2:      layout_loops_cross, dk_noncrumbling_2, minmay_cupped
D:3:      layout_loops_cross
D:4:      layout_basic, minitemple, enter_ossuary_5, chequers_big_river

Skill      XL: |  1  2  3 |
---------------+----------+-----
Stealth        | 6 7 8 |  8.2
Fighting       | |  2.0
Short Blades   | |  2.0
Throwing       | |  1.7
Dodging        | |  0.7

Action                   || total
-------------------------++-------
Melee: Dagger            ||    78
 Abil: Spit Poison       ||     4
  Use: Scroll            ||     6
 Stab: Sleeping          ||    13
       Distracted        ||     1
Armor: Robe              ||    15
Dodge: Dodged            ||    31
